 Dungeon Crawl Stone Soup version 0.30.1-11-g7821555f0a (webtiles) character file.

Game seed: 9574777139254776970

42 pkoi the Ruffian (level 3, -3/29 HPs)
             Began as a Draconian Reaver on Nov 15, 2023.
             Killed from afar by an orc (15 damage)
             ... with an iceblast
             ... on level 3 of the Dungeon.
             The game lasted 00:02:56 (1959 turns).

pkoi the Ruffian (Draconian Reaver)                 Turns: 1959, Time: 00:02:57

Health: -3/29      AC:  5    Str: 14    XL:     3   Next: 35%
Magic:  7/7        EV: 12    Int: 15    God:
Gold:   150        SH:  0    Dex:  9    Spells: 6/7 levels left

rFire   . .          .
                       - Unarmed
rCold   . . .        (no shield)
rNeg    . . .        (body armour unavailable)
rPois   .            (helmet restricted)
rElec   .            (no cloak)
rCorr   .            (no gloves)
SInv    .            (no boots)
Will    .....        (no amulet)
Stlth   +            (no ring)
HPRegen 0.24/turn    (no ring)
MPRegen 0.10/turn

%: no passive effects
@: no status effects
A: AC +5, unfitting armour, cold-blooded
a: no special abilities


You were on level 3 of the Dungeon.
You visited 1 branch of the dungeon, and saw 3 of its levels.

You collected 150 gold pieces.

Inventory:

Hand Weapons
 d - a +0 dagger
Missiles
 o - 6 poisoned darts (quivered)
Wands
 h - a wand of digging (8)
Scrolls
 b - 2 scrolls of identify {unknown}
 c - 2 scrolls of poison {unknown}
 e - a scroll of fog {unknown}
 k - a scroll of silence {unknown}
 n - a scroll of amnesia {unknown}
Potions
 a - a potion of heal wounds
 f - a potion of lignification
 g - 2 potions of haste {unknown}
 i - a potion of mutation {unknown}
 j - a potion of resistance {unknown}
 l - a potion of invisibility {unknown}
 m - a potion of curing {unknown}


   Skills:
 - Level 2.1 Fighting
 - Level 1.7 Dodging
 + Level 3.8 Unarmed Combat
 + Level 2.8 Spellcasting
 + Level 3.0 Conjurations
 + Level 0.0 Necromancy


You had 6 spell levels left.
You knew the following spells:

 Your Spells              Type           Power      Damage    Failure   Level
a - Kiss of Death         Conj/Necr      24%        2d7       11%         1

Your spell library contained the following spells:

 Spells                   Type           Power      Damage    Failure   Level
 Shock                    Conj/Air       24%        1d4       11%         1
 Momentum Strike          Conj/Tloc      12%        3d8       17%         2
 Ensorcelled Hibernation  Hex/Ice        4%         N/A       30%         2
 Passwall                 Tmut/Erth      1%         N/A       30%         2
 Hailstorm                Conj/Ice       6%         3d4       32%         3
 Gell's Gravitas          Tloc           2%         N/A       52%         3
 Swiftness                Air            2%         N/A       52%         3
 Teleport Other           Tloc           2%         N/A       52%         3
 Vhi's Electric Charge    Tloc/Air       4%         N/A       52%         3
 Volatile Blastmotes      Fire/Tloc      4%         2d10      52%         3
 Airstrike                Air            1%         2d(1-17)  90%         4
 Dispersal                Tloc           1%         N/A       100%        6


Dungeon Overview and Level Annotations

Branches:
Dungeon (3/15)

Altars:


Innate Abilities, Weirdness & Mutations

Your plain brown scales are hard. (AC +5)
You cannot fit into any form of body armour.
You are cold-blooded and may be slowed by cold attacks.


Message History

The frilled lizard attacks as you move away!
The frilled lizard barely misses you.
You closely miss the frilled lizard. The frilled lizard closely misses you.
You closely miss the frilled lizard. Your punch misses the frilled lizard.
The frilled lizard misses you.
You barely miss the frilled lizard.
Your tail-slap misses the frilled lizard.
The frilled lizard closely misses you.
You hit the frilled lizard.
You kill the frilled lizard!
HP restored.
An orc comes into view.
It is wielding a +0 flail and carrying a wand of iceblast (5).
The orc shouts!
An orc is nearby!
An orc is nearby!
The orc zaps a wand.
The mass of ice explodes!
The iceblast engulfs you!
An orc wizard comes into view. It is wielding a +0 dagger.
Aiming: Kiss of Death (safe; 11% risk of failure)
Press: ? - help, Q - select action, (/) - cycle Shift-Dir - straight line, f - you
Okay, then.
Unknown command.
Throw: 8 darts (poison)
Press: ? - help, Q - select action, (/) - cycle Shift-Dir - straight line, f - orc
Aim: an orc, wielding a +0 flail and carrying a wand of iceblast (4) (54% to hit)
You throw a poisoned dart.
The poisoned dart closely misses the orc.
The orc wizard casts a spell.
The orc wizard flickers and vanishes!
Deactivating autopickup; reactivate with Ctrl-A.
Throw: 7 darts (poison)
Press: ? - help, Q - select action, (/) - cycle Shift-Dir - straight line, f/p - orc
Aim: an orc, wielding a +0 flail and carrying a wand of iceblast (4) (54% to hit)
You throw a poisoned dart. The poisoned dart hits the orc.
The orc is poisoned.
Unknown command.
The orc zaps a wand.
The mass of ice explodes!
The iceblast engulfs you!
You hear an angry hiss.
The orc looks more healthy.
The orc zaps a wand.
The mass of ice explodes!
The iceblast engulfs you!
Ouch! That really hurt!
You die...

........###.#.....#..).........
########)...........#####......
#......{o..#...###......
#..........#....##......
#................#......
#####......######........
#...........# #>#......
#.........### ####.#......
#........@# #.........##
#.........# #.........#
#.........# #.........#
#.........# #.........#
#.........# ####'######
.........# #.# ........# #.# #
........# #.# # ###.#######


You could see an orc.

Vanquished Creatures
  An ufetubus (D:3)
  A dart slug (D:2)
  3 orcs (D:3)
  8 ball pythons
  4 giant cockroaches
  A goblin (D:1)
  A hobgoblin (D:1)
  2 quokkas (D:1)
  2 bats
  3 frilled lizards
  3 kobolds
  3 rats
32 creatures vanquished.

Notes
Turn   | Place    | Note
-------+----------+-------------------------------------------
     0 | D:1      | pkoi the Draconian Reaver began the quest for the Orb.
     0 | D:1      | Reached XP level 1. HP: 17/17 MP: 3/3
    39 | D:1      | Got Sif Muna's Almanac of Shifting Fog
   198 | D:1      | Reached XP level 2. HP: 24/24 MP: 5/5
  1157 | D:2      | Found a faded altar of an unknown god.
  1301 | D:3      | Reached XP level 3. HP: 7/29 MP: 7/7
  1959 | D:3      | Killed from afar by an orc

Illustrated notes

Levels and vault maps discovered:
D:1:      amcnicky_arrival_gap_in_the_tavern_cellar, layout_basic
D:2:      layout_rooms, hellmonk_ecumenical_altar_heavens_door
D:3:      layout_basic, mainiacjoe_overflow_alcove_4

Action                     || total
---------------------------++-------
  Melee: Unarmed           ||   167
         Tailslap          ||    18
         Punch             ||     2
  Throw: Dart              ||     2
    Use: Potion            ||     2
 Armour: Skin              ||    65
  Dodge: Dodged            ||   142
